| TOP OF THE 1ST |
|
Dayton Dragons batting - Pitching for Binghamton Mets : RHP Hugo Valentin
|
|
Pitching: RHP Hugo Valentin
|
|
|
Batting: LHB Nick Nino
|
0-0: Called Strike 0-1: Ball 1-1: Ground out 5-3 (Groundball, 5, EV 85.0 MPH)
|
|
Batting: LHB Leo Gomez
|
0-0: Ball 1-0: Ball 2-0: Ball 3-0: Foul Ball, location: 2F 3-1: Base on Balls
|
|
Batting: SHB Kristian Kristensen
|
0-0: Foul Ball, location: 2F 0-1: Swinging Strike Leo Gomez steals 2nd base 0-2: Ball 1-2: Strikes out swinging
|
|
Batting: LHB Chris Grunwald
|
0-0: Foul Ball, location: 2F 0-1: Called Strike 0-2: Ball 1-2: Ball 2-2: Ball 3-2: Base on Balls
|
|
Batting: LHB Matt Kennedy
|
0-0: Ball 1-0: Ball 2-0: Ball 3-0: Base on Balls Leo Gomez to third Chris Grunwald to second
|
|
Batting: RHB Mark Williams
|
0-0: Hit by Pitch Leo Gomez scores Chris Grunwald to third Matt Kennedy to second
|
|
Batting: RHB Ben Hinman
|
0-0: Called Strike 0-1: Ball 1-1: Ball 2-1: Ball 3-1: Fly out, F4 (Popup, 4M, EV 61.3 MPH)
|
| Top of the 1st over - 1 run, 0 hits, 0 errors, 3 left on base; Dayton 1 - Binghamton 0 |
| BOTTOM OF THE 1ST |
|
Binghamton Mets batting - Pitching for Dayton Dragons : RHP Ricky Castillo
|
|
Pitching: RHP Ricky Castillo
|
|
|
Batting: LHB Elmo Dreier
|
0-0: Fly out, F8 (Flyball, 8LD, EV 101.3 MPH)
|
|
Batting: RHB Steve Dunaway
|
0-0: SINGLE (Groundball, 6MD, EV 104.4 MPH)
|
|
Batting: SHB Alex Orozco
|
0-0: Ball 1-0: Called Strike 1-1: Hit by Pitch Steve Dunaway to second
|
|
Batting: LHB Nate Trahan
|
0-0: Ball 1-0: Ball 2-0: Ball 3-0: Called Strike 3-1: Foul Ball, location: 2F 3-2: Foul Ball, location: 2F 3-2: Foul Ball, location: 2F 3-2: Base on Balls Steve Dunaway to third Alex Orozco to second
|
|
Batting: LHB Willie Cintron
|
0-0: Called Strike 0-1: Ball 1-1: Ball 2-1: Ball 3-1: Called Strike 3-2: Strikes out swinging
|
|
Batting: RHB Chris Nelson
|
0-0: Foul Ball, location: 2F 0-1: Foul Ball, location: 2F 0-2: Ball 1-2: Strikes out swinging
|
| Bottom of the 1st over - 0 runs, 1 hit, 0 errors, 3 left on base; Dayton 1 - Binghamton 0 |
| TOP OF THE 2ND |
|
Dayton Dragons batting - Pitching for Binghamton Mets : RHP Hugo Valentin
|
|
Batting: RHB Jonathan Davis
|
0-0: Ball 1-0: Foul Ball, location: 2F 1-1: Swinging Strike 1-2: Foul Ball, location: 2F 1-2: Ball 2-2: Ball 3-2: Foul Ball, location: 2F 3-2: SINGLE (Groundball, 56D, EV 104.4 MPH)
|
|
Batting: RHB Pat Grover
|
0-0: Called Strike 0-1: Foul Ball, location: 2F 0-2: Ball 1-2: Strikes out swinging
|
|
Batting: LHB Nick Nino
|
0-0: Swinging Strike 0-1: Ball 1-1: Ball 2-1: Called Strike 2-2: Foul Ball, location: 2F 2-2: Ball 3-2: Foul Ball, location: 2F 3-2: Base on Balls Jonathan Davis to second
|
|
Batting: LHB Leo Gomez
|
0-0: Ball 1-0: Ball 2-0: Ball 3-0: Base on Balls Jonathan Davis to third Nick Nino to second
|
|
Batting: SHB Kristian Kristensen
|
0-0: Called Strike 0-1: SINGLE (Groundball, 34D, EV 103.1 MPH) Jonathan Davis scores Nick Nino to third Leo Gomez to second Runner from 3rd tries for Home, SAFE, throw by RF to home
|
|
Batting: LHB Chris Grunwald
|
0-0: Called Strike 0-1: Foul Ball, location: 2F 0-2: Ball 1-2: Ball 2-2: Foul Ball, location: 2F 2-2: Strikes out swinging
|
|
Batting: LHB Matt Kennedy
|
0-0: Called Strike 0-1: Ball 1-1: Ball 2-1: Fly out, F9 (Flyball, 9S, EV 86.3 MPH)
|
| Top of the 2nd over - 2 runs, 2 hits, 0 errors, 2 left on base; Dayton 3 - Binghamton 0 |
| BOTTOM OF THE 2ND |
|
Binghamton Mets batting - Pitching for Dayton Dragons : RHP Ricky Castillo
|
|
Batting: RHB Jake Hansford
|
0-0: Fly out, F9 (Line Drive, 9, EV 91.3 MPH)
|
|
Batting: RHB Bill Larsen
|
0-0: Foul Ball, location: 2F 0-1: Foul Ball, location: 2F 0-2: Strikes out swinging
|
|
Batting: RHB Dave Conde
|
0-0: Called Strike 0-1: Swinging Strike 0-2: Strikes out swinging
|
| Bottom of the 2nd over - 0 runs, 0 hits, 0 errors, 0 left on base; Dayton 3 - Binghamton 0 |
| TOP OF THE 3RD |
|
Dayton Dragons batting - Pitching for Binghamton Mets : RHP Hugo Valentin
|
|
Batting: RHB Mark Williams
|
0-0: Ball 1-0: Called Strike 1-1: Ball 2-1: Swinging Strike 2-2: Ball 3-2: SINGLE (Line Drive, 9LS, EV 85.6 MPH)
|
|
Batting: RHB Ben Hinman
|
0-0: Ball 1-0: Ball 2-0: Called Strike 2-1: Grounds into double play, 6-4-3 (Groundball, 6, EV 101.9 MPH)
|
|
Batting: RHB Jonathan Davis
|
0-0: Ball 1-0: Called Strike 1-1: Fly out, F9 (Flyball, 9LM, EV 90.6 MPH)
|
| Top of the 3rd over - 0 runs, 1 hit, 0 errors, 0 left on base; Dayton 3 - Binghamton 0 |
| BOTTOM OF THE 3RD |
|
Binghamton Mets batting - Pitching for Dayton Dragons : RHP Ricky Castillo
|
|
Batting: LHB Elmo Dreier
|
0-0: Ball 1-0: Ball 2-0: Ball 3-0: Ground out 5-3 (Groundball, 56, EV 101.9 MPH)
|
|
Batting: RHB Steve Dunaway
|
0-0: SINGLE (Groundball, 6MD, EV 98.1 MPH)
|
|
Batting: SHB Alex Orozco
|
0-0: Called Strike 0-1: Ball 1-1: Ball 2-1: Ball 3-1: Base on Balls Steve Dunaway to second
|
|
Batting: LHB Nate Trahan
|
0-0: Foul Ball, location: 2F 0-1: Foul Ball, location: 2F 0-2: Strikes out swinging
|
|
Batting: LHB Willie Cintron
|
0-0: Ground out 6-3 (Groundball, 4M, EV 100.0 MPH)
|
| Bottom of the 3rd over - 0 runs, 1 hit, 0 errors, 2 left on base; Dayton 3 - Binghamton 0 |
| TOP OF THE 4TH |
|
Dayton Dragons batting - Pitching for Binghamton Mets : RHP Hugo Valentin
|
|
Batting: RHB Pat Grover
|
0-0: Ball 1-0: Fly out, F9 (Flyball, 89M, EV 95.0 MPH)
|
|
Batting: LHB Nick Nino
|
0-0: Called Strike 0-1: Called Strike 0-2: Strikes out swinging
|
|
Batting: LHB Leo Gomez
|
0-0: Called Strike 0-1: Ball 1-1: Foul Ball, location: 2F 1-2: Foul Ball, location: 2F 1-2: Ball 2-2: SINGLE (Line Drive, 56D, EV 107.5 MPH)
|
|
Batting: SHB Kristian Kristensen
|
0-0: Ball 1-0: Ball Leo Gomez steals 2nd base 2-0: Ball 3-0: Called Strike 3-1: Swinging Strike 3-2: Ground out 6-3 (Groundball, 6D, EV 93.8 MPH)
|
| Top of the 4th over - 0 runs, 1 hit, 0 errors, 1 left on base; Dayton 3 - Binghamton 0 |
| BOTTOM OF THE 4TH |
|
Binghamton Mets batting - Pitching for Dayton Dragons : RHP Ricky Castillo
|
|
Batting: RHB Chris Nelson
|
0-0: Ball 1-0: Foul Ball, location: 2F 1-1: Called Strike 1-2: Ball 2-2: Strikes out looking
|
|
Batting: RHB Jake Hansford
|
0-0: Ground out 5-3 (Groundball, 56S, EV 66.3 MPH)
|
|
Batting: RHB Bill Larsen
|
0-0: Foul Ball, location: 2F 0-1: DOUBLE (Flyball, 78D, EV 104.4 MPH)
|
|
Batting: RHB Dave Conde
|
0-0: Called Strike 0-1: Ball 1-1: Fly out, F4 (Popup, 4S, EV 63.1 MPH)
|
| Bottom of the 4th over - 0 runs, 1 hit, 0 errors, 1 left on base; Dayton 3 - Binghamton 0 |
| TOP OF THE 5TH |
|
Dayton Dragons batting - Pitching for Binghamton Mets : RHP Hugo Valentin
|
|
Batting: LHB Chris Grunwald
|
0-0: Ball 1-0: SINGLE (Groundball, 4D, EV 100.0 MPH)
|
|
Batting: LHB Matt Kennedy
|
0-0: Ball 1-0: Ball 2-0: Ball 3-0: Called Strike 3-1: Called Strike 3-2: Foul Ball, location: 2F 3-2: DOUBLE (Line Drive, 89XD, EV 110.6 MPH) Chris Grunwald to third Chris Grunwald scores
|
|
Pitching: LHP Matt Allert
|
|
|
Batting: RHB Mark Williams
|
0-0: Ball 1-0: Ball 2-0: Foul Ball, location: 2F 2-1: Swinging Strike 2-2: Foul Ball, location: 2F 2-2: Ground out 3-1 (Groundball, 34, EV 91.3 MPH) Matt Kennedy to third
|
|
Batting: RHB Ben Hinman
|
0-0: Called Strike 0-1: Fly out, F9 (Line Drive, 89M, EV 90.6 MPH)
|
|
Batting: RHB Jonathan Davis
|
0-0: Ball 1-0: Called Strike 1-1: Swinging Strike 1-2: Foul Ball, location: 2F 1-2: Ball 2-2: Foul Ball, location: 2F 2-2: Foul Ball, location: 2F 2-2: Ball 3-2: Foul Ball, location: 2F 3-2: Strikes out swinging
|
| Top of the 5th over - 1 run, 2 hits, 0 errors, 1 left on base; Dayton 4 - Binghamton 0 |
| BOTTOM OF THE 5TH |
|
Binghamton Mets batting - Pitching for Dayton Dragons : RHP Ricky Castillo
|
|
Batting: LHB Elmo Dreier
|
0-0: Swinging Strike 0-1: Swinging Strike 0-2: SINGLE (Line Drive, 4D, EV 96.3 MPH)
|
|
Batting: RHB Steve Dunaway
|
0-0: Swinging Strike Pickoff Throw to First - Error! E1 Elmo Dreier to second 0-1: Swinging Strike 0-2: Ball 1-2: Ball 2-2: Strikes out looking
|
|
Batting: SHB Alex Orozco
|
0-0: Ball Elmo Dreier steals 3rd base 1-0: Ball 2-0: Ball 3-0: Called Strike 3-1: Base on Balls
|
|
Batting: LHB Nate Trahan
|
0-0: Ball 1-0: Ball 2-0: Ball 3-0: Called Strike 3-1: Foul Ball, location: 2F 3-2: DOUBLE (Groundball, 3L, EV 102.5 MPH) Elmo Dreier scores Alex Orozco to third
|
|
Batting: LHB Willie Cintron
|
0-0: Called Strike 0-1: Ball 1-1: Ball 2-1: Ball 3-1: Base on Balls
|
|
Pinch Hitting: LHB Tom Prayer
|
0-0: Ball 1-0: Ball 2-0: Ball 3-0: Base on Balls Alex Orozco scores Nate Trahan to third Willie Cintron to second
|
|
Batting: RHB Jake Hansford
|
0-0: Ball 1-0: SINGLE (Line Drive, 7S, EV 95.0 MPH) Nate Trahan scores Willie Cintron to third Tom Prayer to second
|
|
Batting: RHB Bill Larsen
|
0-0: Swinging Strike 0-1: SINGLE (Groundball, 5L, EV 94.4 MPH) Willie Cintron scores Tom Prayer to third Jake Hansford to second Runner from 3rd tries for Home, SAFE, throw by LF to home
|
|
Batting: RHB Dave Conde
|
0-0: Swinging Strike 0-1: Ball 1-1: Foul Ball, location: 2F 1-2: Foul Ball, location: 2F 1-2: Foul Ball, location: 2F 1-2: Foul Ball, location: 2F 1-2: Ball 2-2: Strikes out swinging
|
|
Batting: LHB Elmo Dreier
|
0-0: Ground out U3 (Groundball, 34, EV 89.4 MPH)
|
| Bottom of the 5th over - 5 runs, 4 hits, 1 error, 2 left on base; Dayton 4 - Binghamton 5 |
| TOP OF THE 6TH |
|
Dayton Dragons batting - Pitching for Binghamton Mets : LHP Matt Allert
|
|
Now in CF: Ivan Gonzales
|
|
|
Batting: RHB Pat Grover
|
0-0: Foul Ball, location: 2F 0-1: Fly out, F8 (Flyball, 89D, EV 100.0 MPH)
|
|
Batting: LHB Nick Nino
|
0-0: Ball 1-0: Ball 2-0: Fly out, F8 (Flyball, 78D, EV 87.5 MPH)
|
|
Batting: LHB Leo Gomez
|
0-0: Called Strike 0-1: SINGLE (Line Drive, 89M, EV 101.3 MPH)
|
|
Batting: SHB Kristian Kristensen
|
0-0: Ball 1-0: Called Strike 1-1: Foul Ball, location: 2F Pickoff Throw to First - Error! E1 Leo Gomez to second 1-2: Foul Ball, location: 2F 1-2: Ball 2-2: SINGLE (Groundball, 56D, EV 105.6 MPH) Leo Gomez to third Runner from 3rd tries for Home, SAFE, throw by LF to home
|
|
Batting: LHB Chris Grunwald
|
0-0: Foul Ball, location: 2F 0-1: Ball 1-1: Ball 2-1: Swinging Strike 2-2: Ball 3-2: Foul Ball, location: 2F 3-2: Fly out, F3 (Popup, 3SF, EV 74.4 MPH)
|
| Top of the 6th over - 1 run, 2 hits, 1 error, 1 left on base; Dayton 5 - Binghamton 5 |
| BOTTOM OF THE 6TH |
|
Binghamton Mets batting - Pitching for Dayton Dragons : RHP Ricky Castillo
|
|
Pitching: RHP Joe Green
|
|
|
Batting: RHB Steve Dunaway
|
0-0: Called Strike 0-1: Ground out 6-3 (Groundball, 6, EV 80.0 MPH)
|
|
Batting: SHB Alex Orozco
|
0-0: Called Strike 0-1: Ball 1-1: Swinging Strike 1-2: Hit by Pitch
|
|
Batting: LHB Nate Trahan
|
0-0: Ball 1-0: Ball 2-0: Ball 3-0: Fielders Choice at 2nd, 6-4 (Groundball, 56, EV 86.3 MPH)
|
|
Batting: LHB Willie Cintron
|
0-0: Called Strike 0-1: Ball 1-1: Foul Ball, location: 2F 1-2: Ball 2-2: Foul Ball, location: 2F 2-2: Ground out U3 (Groundball, 3, EV 87.5 MPH)
|
| Bottom of the 6th over - 0 runs, 0 hits, 0 errors, 1 left on base; Dayton 5 - Binghamton 5 |
| TOP OF THE 7TH |
|
Dayton Dragons batting - Pitching for Binghamton Mets : LHP Matt Allert
|
|
Pitching: RHP Rob Fennell
|
|
|
Batting: LHB Matt Kennedy
|
0-0: Called Strike 0-1: Ball 1-1: Foul Ball, location: 2F 1-2: Ball 2-2: Ball 3-2: Foul Ball, location: 2F 3-2: DOUBLE (Flyball, 89XD, EV 111.3 MPH)
|
|
Batting: RHB Mark Williams
|
0-0: Ball 1-0: Ball 2-0: Called Strike 2-1: Fly out, F8 (Line Drive, 8LM, EV 95.6 MPH) Throwing error, E8 Matt Kennedy scores
|
|
Batting: RHB Ben Hinman
|
0-0: Ball 1-0: Called Strike 1-1: Swinging Strike 1-2: Ground out 3-1 (Groundball, 34D, EV 83.8 MPH)
|
|
Batting: RHB Jonathan Davis
|
0-0: Swinging Strike 0-1: Ball 1-1: Ground out 6-3 (Groundball, 6D, EV 103.8 MPH)
|
| Top of the 7th over - 1 run, 1 hit, 1 error, 0 left on base; Dayton 6 - Binghamton 5 |
| BOTTOM OF THE 7TH |
|
Binghamton Mets batting - Pitching for Dayton Dragons : RHP Joe Green
|
|
Pitching: LHP Tim Ketcham
|
|
|
Batting: RHB Ivan Gonzales
|
0-0: Ground out 3-1 (Groundball, 34, EV 87.5 MPH)
|
|
Pitching: RHP Adam McCurdy
|
|
|
Batting: RHB Jake Hansford
|
0-0: Foul Ball, location: 2F 0-1: Foul Ball, location: 2F 0-2: Strikes out swinging
|
|
Batting: RHB Bill Larsen
|
0-0: Ball 1-0: Ground out 4-3 (Groundball, 4, EV 95.6 MPH)
|
| Bottom of the 7th over - 0 runs, 0 hits, 0 errors, 0 left on base; Dayton 6 - Binghamton 5 |
| TOP OF THE 8TH |
|
Dayton Dragons batting - Pitching for Binghamton Mets : RHP Rob Fennell
|
|
Pitching: LHP Jonathan Gendron
|
|
|
Batting: RHB Pat Grover
|
0-0: Called Strike 0-1: Foul Ball, location: 2F 0-2: Strikes out looking
|
|
Batting: LHB Nick Nino
|
0-0: Ball 1-0: Called Strike 1-1: Swinging Strike 1-2: Strikes out looking
|
|
Batting: LHB Leo Gomez
|
0-0: Called Strike 0-1: Swinging Strike 0-2: Ball 1-2: Ball 2-2: Strikes out swinging
|
| Top of the 8th over - 0 runs, 0 hits, 0 errors, 0 left on base; Dayton 6 - Binghamton 5 |
| BOTTOM OF THE 8TH |
|
Binghamton Mets batting - Pitching for Dayton Dragons : RHP Adam McCurdy
|
|
Pitching: RHP Justin Ambrose
|
|
|
Batting: RHB Dave Conde
|
0-0: Called Strike 0-1: Swinging Strike 0-2: Ball 1-2: Foul Ball, location: 2F 1-2: Strikes out looking
|
|
Batting: LHB Elmo Dreier
|
0-0: Foul Ball, location: 2F 0-1: Called Strike 0-2: Strikes out looking
|
|
Batting: RHB Steve Dunaway
|
0-0: Called Strike 0-1: Ball 1-1: Ball 2-1: Called Strike 2-2: Ball 3-2: Ground out 6-3 (Groundball, 6, EV 85.0 MPH)
|
| Bottom of the 8th over - 0 runs, 0 hits, 0 errors, 0 left on base; Dayton 6 - Binghamton 5 |
| TOP OF THE 9TH |
|
Dayton Dragons batting - Pitching for Binghamton Mets : LHP Jonathan Gendron
|
|
Batting: SHB Kristian Kristensen
|
0-0: Called Strike 0-1: Called Strike 0-2: Ball 1-2: Ball 2-2: Strikes out looking
|
|
Batting: LHB Chris Grunwald
|
0-0: Called Strike 0-1: Ball 1-1: Ball 2-1: Swinging Strike 2-2: Strikes out swinging
|
|
Batting: LHB Matt Kennedy
|
0-0: Ball 1-0: Ball 2-0: Called Strike 2-1: Ball 3-1: Called Strike 3-2: Foul Ball, location: 2F 3-2: Foul Ball, location: 2F 3-2: Base on Balls
|
|
Batting: RHB Mark Williams
|
0-0: Called Strike 0-1: Swinging Strike 0-2: Ball 1-2: Ground out 1-3 (Groundball, 15, EV 71.3 MPH)
|
| Top of the 9th over - 0 runs, 0 hits, 0 errors, 1 left on base; Dayton 6 - Binghamton 5 |
| BOTTOM OF THE 9TH |
|
Binghamton Mets batting - Pitching for Dayton Dragons : RHP Justin Ambrose
|
|
Now at 2B: John Galluzzo
|
|
|
Batting: SHB Alex Orozco
|
0-0: Called Strike 0-1: Ball 1-1: Fly out, F3 (Popup, 3, EV 60.6 MPH)
|
|
Batting: LHB Nate Trahan
|
0-0: Ball 1-0: Foul Ball, location: 2F 1-1: Fly out, F8 (Flyball, 8RM, EV 90.0 MPH)
|
|
Batting: LHB Willie Cintron
|
0-0: Called Strike 0-1: Foul Ball, location: 2F 0-2: Hit by Pitch
|
|
Batting: RHB Ivan Gonzales
|
0-0: Ball 1-0: 2-RUN HOME RUN (Flyball, 9LD, EV 91.9 MPH), Distance : 338 ft
|
| Bottom of the 9th over - 2 runs, 1 hit, 0 errors, 0 left on base; Dayton 6 - Binghamton 7 |
| |
|
Game Over ... Binghamton defeats Dayton, 7 to 6
|
|
|